Map: Catalizador EE

Players

Francki - Winner!

  • Race: Zerg Zerg
  • Spawn Location: 11:00

Furiavento

  • Race: Terran Terran
  • Spawn Location: 5:00

VOD

Have the link to the VOD?

Description

Time

  • Played on: May 1, 2018, 1:45 p.m.
  • Length: 10:26
Show
View Real Time Build Order
Export as new Build Order

Francki Zerg - Winner!

Build Orders: Pool First 

Get SALT Encoding   

  12  0:07  Drone  
  12  0:08  Drone  
  14  0:26  Overlord  
  14  0:31  Extractor  
  14  0:34  Drone  
  14  0:45  Drone, Spawning Pool  
  14  0:55  Drone x2  
  16  1:18  Drone  
  17  1:32  Zergling x4  
  19  1:34  Queen  
  19  1:35  Metabolic Boost  
  21  2:01  Zergling x2  
  21  2:05  Overlord  
  22  2:12  Hatchery  
  21  3:07  Lair  
  21  3:16  Drone x6  
  27  3:36  Zergling x2  
  27  3:37  Zergling x2  
  29  3:50  Evolution Chamber  
  29  3:53  Evolution Chamber  
  27  4:03  Drone  
  27  4:04  Drone x2  
  30  4:21  Hydralisk Den  
  30  4:22  Extractor  
  28  4:35  Drone x2  
  28  4:37  Queen  
  32  4:54  Zergling x2  
  32  4:55  Zergling x4  
  32  4:57  Overlord  
  32  4:58  Overlord  
  35  5:00  Hatchery  
  35  5:02  Zerg Ground Armor Level 1  
  35  5:04  Zerg Missile Weapons Level 1  
  34  5:08  Drone x2  
  36  5:23  Queen  
  36  5:26  Hydralisk x3  
  44  5:29  Drone x3  
  47  6:00  Grooved Spines  
  47  6:06  Drone x3  
  47  6:10  Drone x2  
  52  6:11  Overlord  
  52  6:12  Overlord  
  52  6:34  Drone x4  
  52  6:35  Drone  
  52  6:37  Drone  
  58  6:43  Extractor  
  57  6:47  Extractor  
  57  6:51  Zergling x2  
  57  6:52  Zergling x2  
  50  7:16  Drone x3  
  50  7:17  Drone  
  50  7:20  Zerg Missile Weapons Level 2  
  50  7:22  Zerg Ground Armor Level 2  
  54  7:27  Muscular Augments  
  54  7:42  Drone x3  
  57  8:05  Spire  
  56  8:10  Evolution Chamber  
  55  8:13  Drone x4  
  59  8:20  Extractor  
  59  8:22  Extractor  
  59  8:25  Zergling x2  
  59  8:26  Zergling x8, Hydralisk x3  
  68  8:45  Overseer  
  68  8:56  Drone x3  
  68  8:57  Overlord x2  
  68  8:58  Overlord  
  71  9:32  Hydralisk x3  
  77  9:42  Hydralisk x2  
  77  9:43  Hydralisk  
  77  9:44  Zergling x8  
  77  9:45  Zergling x6  
  90  10:14  Drone x2  
Show
View Real Time Build Order
Export as new Build Order

Furiavento Terran 

Build Orders: MMM Bio 

Get SALT Encoding   

  12  0:01  SCV  
  13  0:17  Supply Depot  
  13  0:19  SCV  
  14  0:31  SCV  
  15  0:42  Barracks  
  15  0:49  SCV, Refinery  
  16  1:02  SCV  
  18  1:18  SCV  
  18  1:41  Command Center  
  18  1:45  Barracks Reactor  
  18  1:52  Orbital Command  
  18  1:53  Supply Depot  
  18  2:20  Factory  
  18  2:21  Marine  
  18  2:22  Marine  
  20  2:27  SCV  
  21  2:33  Refinery  
  21  2:39  Marine x2  
  23  2:57  Marine  
  24  3:12  SCV  
  26  3:20  SCV  
  26  3:24  SCV  
  27  3:30  Starport  
  27  3:32  SCV, Factory Tech Lab  
  28  3:36  SCV  
  28  3:40  Marine  
  28  3:41  Marine  
  31  3:44  SCV  
  32  3:48  SCV  
  33  3:56  SCV  
  33  3:58  Marine x2  
  33  4:00  SCV  
  37  4:04  Supply Depot  
  37  4:08  SCV  
  38  4:10  Barracks  
  38  4:16  Marine x2  
  40  4:23  Orbital Command  
  40  4:26  Supply Depot  
  40  4:33  Factory Tech Lab  
  40  4:40  Medivac  
  42  4:47  Factory Reactor  
  42  5:00  Barracks Reactor  
  42  5:05  SCV  
  43  5:09  Refinery  
  43  5:10  Marine x2, Medivac  
  47  5:17  SCV, Barracks Tech Lab  
  48  5:28  Marine x2  
  48  5:29  SCV  
  51  5:38  Stimpack  
  51  5:40  Medivac  
  51  5:41  SCV  
  54  5:46  Marine x2  
  56  5:53  SCV  
  57  5:59  Factory Tech Lab  
  57  6:04  Marine x2  
  57  6:10  Medivac  
  61  6:21  Marine  
  62  6:38  Supply Depot  
  62  6:59  Marine  
  62  7:00  Medivac  
  61  7:02  Supply Depot  
  51  7:15  Marine  
  48  7:17  Marine  
  48  7:18  Marine  
  64  7:30  Medivac  
  51  7:33  Marine, Armory  
  51  7:35  Marine  
  51  7:36  Marine  
  56  7:47  Combat Shields  
  56  7:51  Marine  
  56  7:53  Marine  
  56  7:54  Marine  
  59  7:59  Medivac  
  60  8:09  Marine  
  60  8:11  Marine  
  60  8:12  Marine  
  63  8:22  Engineering Bay  
  63  8:26  Marine  
  64  8:28  Marine  
  64  8:29  Marine  
  66  8:36  Command Center  
  66  8:44  Marine  
  66  8:46  Marine  
  66  8:47  Marine  
  69  8:49  Engineering Bay  
  69  9:02  Marine  
  70  9:04  Marine  
  70  9:05  Marine  
  72  9:20  Marine  
  72  9:22  Marine  
  72  9:23  Marine  
  75  9:38  Marine  
  76  9:40  Marine  
  76  9:41  Marine  
  78  9:55  Marine  
  78  9:58  Marine  
  78  9:59  Marine  
  81  10:00  Supply Depot  
  76  10:24  Supply Depot  
Tags
 
Composition
MMM Bio
Matchup
TvZ
Opening
Pool First
Replay Pack
First Ones
Spawn Locations
Cross Positions
Add a new tag
Caveats
  • Supply blocks, unpowered buildings, or Contaminate may cause inaccurate times.
  • Supply counts are checked every 10 seconds.